 Dungeon Crawl Stone Soup version 0.27.1 (webtiles) character file.

Game seed: 18091185087445435239

149 Kala the Magician (level 5, -1/40 HPs)
             Began as a Draconian Transmuter on Sept 2, 2021.
             Slain by a river rat (6 damage)
             ... in a sewer.
             The game lasted 00:08:13 (2376 turns).

Kala the Magician (Draconian Transmuter)            Turns: 2376, Time: 00:08:14

Health: -1/40      AC:  5    Str: 18    XL:     5   Next: 9%
Magic:  10/10      EV: 12    Int: 14    God:
Gold:   667        SH:  0    Dex: 12    Spells: 8/11 levels left

rFire    . . .     SeeInvis .     - Unarmed
rCold    . . .     Faith    .   (no shield)
rNeg     . . .     Spirit   .   (armour unavailable)
rPois    .         Reflect  .   (helmet currently unavailable)
rElec    .         Harm     .   (no cloak)
rCorr    .         Rampage  .   (no gloves)
Will     .....                  (boots currently unavailable)
Stlth    +.........             (no amulet)
HPRegen  0.13/turn              a - +6 ring of strength
MPRegen  0.12/turn              (no ring)

@: appendages
A: horns 2, talons 2, AC +5, unfitting armour, cold-blooded
a: End Transformation


You were in a sewer.
You had temporarily grown beastly horns and talons.
You visited 1 branch of the dungeon, and saw 3 of its levels.
You also visited: Sewer.

You collected 667 gold pieces.

Inventory:

Jewellery
 a - a +6 ring of strength (left hand)
Scrolls
 d - 2 scrolls of identify {unknown}
Potions
 b - 2 potions of curing {unknown}
 c - a potion of magic {unknown}
 e - a potion of haste
 f - a potion of flight {unknown}
 g - a potion of cancellation {unknown}
 h - 2 potions of invisibility {unknown}


   Skills:
 - Level 1.1 Fighting
 - Level 1.8 Dodging
 - Level 3.2 Unarmed Combat
 * Level 3.5 Spellcasting
 * Level 3.4 Transmutations
 * Level 1.4 Ice Magic


You had 8 spell levels left.
You knew the following spells:

 Your Spells              Type           Power      Damage    Failure   Level
a - Beastly Appendage     Tmut           24%        N/A       4%          1
b - Wereblood             Tmut           12%        N/A       8%          2

Your spell library contained the following spells:

 Spells                   Type           Power      Damage    Failure   Level
 Spider Form              Tmut/Pois      3%         N/A       30%         3
 Ice Form                 Ice/Tmut       9%         N/A       58%         4


Dungeon Overview and Level Annotations

Branches:
Dungeon (3/15)              Sewer (1/1)

Altars:

Shops:
D:1 *


Innate Abilities, Weirdness & Mutations

You have temporarily grown beastly horns and talons.
Your plain brown scales are hard. (AC +5)
You cannot fit into any form of body armour.
You are cold-blooded and may be slowed by cold attacks.


Message History

The river rat bites you!
You enter the shallow water.
Moving in this stuff is going to be slow.
Your transformation is almost over.
The river rat barely misses you. The river rat closely misses you.
The river rat bites you! The river rat barely misses you.
Your horns disappear.
Your talons disappear.
There is an open door here.
Items here: ( ))) ÷.
Casting: Beastly Appendage (safe; 4% risk of failure)
Confirm with . or Enter, or press ? or * to list all spells.
You grow a pair of large bovine horns.
Your feet morph into talons.
You barely miss the river rat. You claw the river rat.
You tail-slap the river rat.
The river rat is severely wounded.
The river rat closely misses you. The river rat bites you.
You hit the river rat. Your kick misses the river rat.
You headbutt the river rat.
The river rat is almost dead.
The river rat barely misses you.
The river rat bites you but does no damage.
You closely miss the river rat. You claw the river rat.
You kill the river rat!
The river rat barely misses you. The river rat bites you!
* * * LOW HITPOINT WARNING * * *
There is an open door here.
You closely miss the river rat. Your kick misses the river rat.
The river rat bites you but does no damage.
You closely miss the river rat. The river rat completely misses you.
You completely miss the river rat. You claw the river rat.
The river rat is moderately wounded.
The river rat bites you.
* * * LOW HITPOINT WARNING * * *
You barely miss the river rat. Your kick misses the river rat.
You headbutt the river rat, but do no damage.
The river rat is moderately wounded.
The river rat bites you.
You die...

≈#≈#≈≈≈≈≈≈≈......... #
#≈#≈≈≈≈≈≈≈≈≈≈≈≈≈.... #≈
#≈#≈≈≈≈≈≈≈≈≈≈≈≈≈≈≈≈ #≈
#≈≈≈≈≈≈≈≈≈≈≈≈≈≈÷≈≈ #≈≈
#≈≈≈≈≈≈≈≈≈≈≈≈≈≈..
#≈≈#######≈≈≈≈≈≈≈≈≈≈≈...÷.
#≈≈#..#..#≈≈≈≈≈≈≈≈........
#≈≈#.....#................
#≈≈##...)@................
#≈≈#....r#................
#≈≈#..#..#...............#
#≈≈#########..###......###
#≈≈ #### ##...##### #≈
##### #∩ # ##


You could see a river rat.

Vanquished Creatures
  3 adders
  6 river rats (Sewer)
  An adder skeleton (D:2)
  2 worms
  2 dart slugs
  3 ball pythons
  6 bats
  3 endoplasms
  2 giant cockroaches (D:1)
  3 goblins (D:2)
  3 hobgoblins (D:2)
  6 kobolds (Sewer)
  2 quokkas (D:2)
  3 frilled lizards
  21 rats
66 creatures vanquished.

Notes
Turn   | Place    | Note
-------+----------+-------------------------------------------
     0 | D:1      | Kala the Draconian Transmuter began the quest for the Orb.
     0 | D:1      | Reached XP level 1. HP: 16/16 MP: 3/3
   207 | D:1      | Reached XP level 2. HP: 23/23 MP: 3/5
   210 | D:1      | Learned a level 2 spell: Wereblood
   361 | D:1      | Found Nirry's Assorted Antiques.
  1114 | D:2      | Identified a scroll of acquirement
  1114 | D:2      | Acquired 551 gold pieces
  1132 | D:2      | Reached XP level 3. HP: 18/28 MP: 5/7
  1706 | D:3      | Found a glowing drain.
  1709 | D:3      | Reached skill level 1 in Ice Magic
  1718 | Sewer    | Entered a sewer
  1761 | Sewer    | Reached XP level 4. HP: 35/35 MP: 6/8
  2326 | Sewer    | Reached XP level 5. HP: 40/40 MP: 10/10
  2376 | Sewer    | Slain by a river rat

Illustrated notes

Levels and vault maps discovered:
D:1:      evilmike_arrival_home_sweet_home, layout_basic, serial_shops,
          shop_fountains
D:2:      layout_basic
D:3:      layout_rooms, cheibrodos_sewer_entry_sluice,
          ebering_ecumenical_altar_mist, uniq_ijyb
Sewer:    sewer_minmay_treatment

Skill      XL: |  1  2  3  4 |
---------------+-------------+-----
Ice Magic      | 1 |  1.4
Spellcasting   | 3 |  3.5
Transmutations | 3 |  3.4
Fighting       | |  1.1
Dodging        | |  1.8
Unarmed Combat | |  3.2

Action                   |  1- 3 |  4- 6 || total
-------------------------+-------+-------++-------
Melee: Unarmed           |    97 |    77 ||   174
       Kick              |    24 |    16 ||    40
       Tailslap          |     9 |    10 ||    19
       Headbutt          |     7 |    12 ||    19
       Punch             |     2 |       ||     2
 Cast: Beastly Appendage |    23 |    10 ||    33
  Use: Scroll            |     3 |       ||     3
Armor: Skin              |    30 |    41 ||    71
Dodge: Dodged            |    65 |    85 ||   150
